 Dungeon Sprint DCSS version 0.19.5 (webtiles) character file.

119 Snowbourne the Covert (level 4, -9/21 HPs)
             Began as a Spriggan Enchanter on May 12, 2017.
             Mangled by a neqoxec (12 damage)
             ... in the Dungeon (Sprint II: "The Violet Keep of Menkaure").
             The game lasted 00:00:40 (32 turns).

Snowbourne the Covert (Spriggan Enchanter)            Turns: 32, Time: 00:00:40

Health: -9/21      AC:  3    Str:  4    XL:     4   Next: 73%
Magic:  9/9        EV: 18    Int: 16    God:
Gold:   0          SH:  0    Dex: 17    Spells: 1 memorised, 7 levels left

rFire  . . .     SeeInvis +     a - +1 dagger
rCold  . . .     Gourm    .     b - +1 robe
rNeg   . . .     Faith    .     (shield restricted)
rPois  .         Spirit   .     (helmet restricted)
rElec  .         Reflect  .     (no cloak)
rCorr  .         Harm     .     (gloves unavailable)
MR     .....     NoTele   +     (boots unavailable)
Stlth  +++++.....               (no amulet)
                                (no ring)
                                (no ring)

@: exhausted, slowed, quick
A: unfitting armour, see invisible, herbivore 3, speed 3, slow metabolism 2,
subdued magic 1
a: no special abilities


You were in the Dungeon.
You were not hungry.

You visited 1 branch

Inventory:

Hand Weapons
 a - a +1 dagger (weapon)
Armour
 b - a +1 robe (worn)
Scrolls
 j - a scroll of blinking
Potions
 e - a potion of curing
 f - a potion of heal wounds
 g - a potion of haste
 h - 2 potions of magic
Books
 c - a book of Maledictions

   Spells                             Type                      Level
   a - Corona                         Hexes                        1
   b - Ensorcelled Hibernation        Hexes/Ice                    2
   c - Confuse                        Hexes                        3
   d - Tukima's Dance                 Hexes                        3
   e - Dazzling Spray                 Conjuration/Hexes            3
Comestibles
 d - a bread ration


   Skills:
 - Level 1.1 Short Blades
 - Level 3.0 Dodging
 + Level 11.1 Stealth
 - Level 2.6 Spellcasting
 + Level 8.8 Hexes


You had 7 spell levels left.
You knew the following spells:

 Your Spells              Type           Power        Failure   Level  Hunger
a - Corona                Hex            ###....      1%          1    #......


Dungeon Overview and Level Annotations

Branches:
Dungeon (1/1)

Altars:

Shops:
D ?}[:


Innate Abilities, Weirdness & Mutations

You are very small and have problems with some larger weapons.
You are too small for most types of armour.
You have supernaturally acute eyesight. (SInv)
You are a herbivore.
You cover ground extremely quickly.
You need consume almost no food.
Your spells are a little easier to cast, but a little less powerful.


Message History

You hit the neqoxec but do no damage.
The neqoxec is severely wounded.
The neqoxec barely misses you.
The crimson imp grins evilly.
The crimson imp blinks! x2
There is an open door here.
The neqoxec gestures at you.
Something tries to feed on your intellect!
There's a creature in the doorway!
You hit the neqoxec.
The neqoxec is severely wounded.
The neqoxec gestures at you.
Something tries to feed on your intellect!
You hit the neqoxec but do no damage.
The neqoxec is severely wounded.
The neqoxec hits you!
* * * LOW HITPOINT WARNING * * *
The neqoxec hits you!
Ouch! That really hurt!
You die...

... ∩.. .∩.#
# ∩.∩#§## #+#
.## .#≈#5
###.##.w.#
533##3@<.+#
#.#3##.##$w.#
#3###+# .##
### .$. #
..#m. ##. .##
## ##


You could see 3 neqoxecs.

Vanquished Creatures
  A neqoxec (D)
1 creature vanquished.

Notes
Turn   | Place    | Note
-------+----------+-------------------------------------------
     0 | D        | Snowbourne the Spriggan Enchanter began the quest for the Orb.
     0 | D        | Reached XP level 1. HP: 9/9 MP: 5/5
     1 | D        | Noticed a tyrant leech
     1 | D        | Noticed a tyrant leech
     5 | D        | Noticed a siren
     8 | D        | Noticed a neqoxec
    18 | D        | Killed a neqoxec
    18 | D        | Reached skill level 11 in Stealth
    18 | D        | Reached XP level 2. HP: 13/13 MP: 6/6
    18 | D        | Reached XP level 3. HP: 16/16 MP: 8/8
    18 | D        | Reached XP level 4. HP: 21/21 MP: 9/9
    19 | D        | Noticed a neqoxec
    20 | D        | Noticed a neqoxec
    20 | D        | Noticed a neqoxec
    23 | D        | Found Woucoop's Book Shoppe.
    23 | D        | Found Ziariynk's Gadget Emporium.
    23 | D        | Found Loacud's Antique Armour Emporium.
    23 | D        | Found Fuop's Magic Scroll Shoppe.
    24 | D        | Gained mutation: Your spells are a little easier to cast, but a little less powerful. [a neqoxec]
    32 | D        | Mangled by a neqoxec

Skill      XL: |  1 |
---------------+----+-----
Stealth        | 11 | 11.1
Hexes          | 8 |  8.8
Short Blades   | |  1.1
Dodging        | |  3.0
Spellcasting   | |  2.6

Action                   |  1- 3 |  4- 6 || total
-------------------------+-------+-------++-------
Melee: Dagger            |     7 |    10 ||    17
  Use: Potion            |     1 |       ||     1
 Stab: Sleeping          |     1 |       ||     1
Dodge: Dodged            |     2 |     3 ||     5
